 Dungeon Sprint DCSS version 0.22-a0-369-gc73351f (webtiles) character file.

50 emperorscorpion the Skirmisher (level 3, -7/26 HPs)
             Began as a Gargoyle Monk on Apr 24, 2018.
             Mangled by an ice beast (10 damage)
             ... in the Dungeon (Sprint IX: "|||||||||||||||||||||||||||||").
             The game lasted 00:00:20 (116 turns).

emperorscorpion the Skirmisher (Gargoyle Monk)       Turns: 116, Time: 00:00:21

Health: -7/26      AC:  5    Str: 14    XL:     3   Next: 79%
Magic:  3/3        EV: 14    Int: 10    God:
Gold:   0          SH:  0    Dex: 13    Spells: 2/2 levels left

rFire    . . .     SeeInvis .   a - +0 mace
rCold    . . .     Gourm    .   (no shield)
rNeg     + . .     Faith    .   b - +0 robe
rPois    ∞         Spirit   .   (no helmet)
rElec    +         Reflect  .   (no cloak)
rCorr    .         Harm     .   (no gloves)
MR       .....     NoTele   +   (no boots)
Stlth    ++........             (no amulet)
HPRegen  0.08/turn              (no ring)
MPRegen  0.08/turn              (no ring)

@: berserk cooldown, slowed, very slow
A: negative energy resistance 1, electricity resistance, unbreathing,
petrification resistance, rot immunity, AC +3
a: no special abilities


You were in the Dungeon.
You were not hungry.

You visited 1 branch

Inventory:

Hand Weapons
 a - a +0 mace (weapon)
Armour
 b - a +0 robe (worn)
Scrolls
 i - a scroll of blinking
Potions
 d - a potion of curing
 e - a potion of heal wounds
 f - a potion of haste
 g - 2 potions of magic
Comestibles
 c - a ration
 j - a chunk of flesh


   Skills:
 + Level 5.3 Fighting
 + Level 5.3 Maces & Flails
 + Level 3.9 Dodging
 + Level 2.8 Stealth


You had 2 spell levels left.
You didn't know any spells.

Dungeon Overview and Level Annotations

Branches:
Dungeon (1/1)

Altars:


Innate Abilities, Weirdness & Mutations

You are resistant to torment.
Your stone body is resilient. (AC +3)
You are immune to poison.
You resist negative energy. (rN+)
You are resistant to electric shocks. (rElec)
You can survive without breathing.
You are immune to petrification.
You are immune to rotting.


Message History

* * * LOW HITPOINT WARNING * * *
You barely miss the ice beast.
The ice beast is severely wounded.
The ice beast hits you but does no damage. x2
You hit the ice beast but do no damage.
The ice beast is severely wounded.
The ice beast closely misses you.
You hit the ice beast.
The ice beast is severely wounded.
The ice beast barely misses you. The ice beast closely misses you.
You barely miss the ice beast.
The ice beast is severely wounded.
The ice beast misses you.
The ice beast hits you but does no damage.
You hit the ice beast.
The ice beast is almost dead.
The ice beast hits you.
* * * LOW HITPOINT WARNING * * *
The ice beast freezes you!
You die... ▓▓▓▓▓▓▓▓▓▓▓▓▓▓▓▓▓▓ +....sY@...†'...<▓ ▓▓▓▓▓▓▓▓▓▓▓▓▓▓▓▓▓▓

You could see an ice beast and a giant cockroach.

Vanquished Creatures
  A crimson imp (D)
  An adder (D)
  A giant cockroach (D)
  A kobold (D)
  A quokka (D)
  2 bats (D)
  A rat (D)
8 creatures vanquished.

Notes
Turn   | Place    | Note
-------+----------+-------------------------------------------
     0 | D        | emperorscorpion the Gargoyle Monk began the quest for the Orb.
     0 | D        | Reached XP level 1. HP: 14/14 MP: 1/1
    82 | D        | Noticed an ice beast
    82 | D        | Noticed a crimson imp
    90 | D        | Killed a crimson imp
    90 | D        | Reached skill level 5 in Fighting
    90 | D        | Reached skill level 5 in Maces & Flails
    90 | D        | Reached XP level 2. HP: 21/21 MP: 2/2
    90 | D        | Reached XP level 3. HP: 26/26 MP: 3/3
   116 | D        | Mangled by an ice beast

Vault maps used:
D:        linesprint

Skill      XL: |  1 |
---------------+----+-----
Fighting       | 5 |  5.3
Maces & Flails | 5 |  5.3
Dodging        | 3 |  3.9
Stealth        | |  2.8

Action                   || total
-------------------------++-------
Melee: Mace              ||    53
  Use: Potion            ||     1
Armor: Robe              ||    19
Dodge: Dodged            ||    37

Table legend:
 A = Spawn XP
 B = Non-spawn XP
 C = Spawn XP percentage of total XP
 D = Spawn monster count
 E = Non-spawn monster count
 F = Spawn count percentage of total count
 G = Total turns spent on level
                    A         B        C        D         E        F      G
               +---------+---------+-------+---------+---------+-------+---------
         Total |       0 |      72 |   0.0 |       0 |       8 |   0.0 |   116
               +---------+---------+-------+---------+---------+-------+---------
             D |       0 |      72 |   0.0 |       0 |       8 |   0.0 |   116
               +---------+---------+-------+---------+---------+-------+---------
